 Dungeon Sprint DCSS version 0.28-a0-925-gd5e1996cdb (webtiles) character file.

Game seed: 16480629852966607736

1115 emperorscorpion the Thaumaturge (level 8, -2/75 HPs)
             Began as a Djinni Air Elementalist on Nov 26, 2021.
             Was a Follower of Makhleb.
             Slain by a two-headed ogre (32 damage)
             ... in the Dungeon (Sprint IX: "|||||||||||||||||||||||||||||").
             The game lasted 00:04:23 (464 turns).

emperorscorpion the Thaumaturge (DjAE)               Turns: 464, Time: 00:04:24

Health: -2/75      AC:  5    Str:  7    XL:     8   Next: 60%
Gold:   0          EV: 17    Int: 21    God:    Makhleb [*.....] SH:  0 Dex: 15

rFire   + + .      SeeInvis .   b - +2 dagger (venom)
rCold   x . .      Faith    .   (no shield)
rNeg    . . .      Spirit   .   k - +0 robe
rPois   ∞          Reflect  .   n - +0 helmet
rElec   .          Harm     .   m - +0 cloak
rCorr   .          Rampage  .   (no gloves)
Will    .....      NoTele   +   (boots unavailable)
Stlth   ..........              (no amulet)
HPRegen 0.22/turn               p - +3 ring of intelligence
MPRegen 0.00/turn               q - +2 ring of evasion

@: berserking, flying, very quick
A: sickness immunity, fire resistance 2, cold vulnerability 1, float, innate
caster, hp casting, extra vitality 1
a: Renounce Religion


You were in the Dungeon.
You worshipped Makhleb.
Makhleb was aware of your devotion.
You visited 1 branch

Inventory:

Hand Weapons
 a - a +4 quarterstaff of draining
 b - a +2 dagger of venom (weapon)
 g - a +0 club
 l - a +2 rapier of distortion
Armour
 k - a +0 robe (worn)
 m - a +0 cloak (worn)
 n - a +0 helmet (worn)
 o - a +1 chain mail
Jewellery
 p - a +3 ring of intelligence (left hand)
 q - a +2 ring of evasion (right hand)
Wands
 j - a wand of iceblast (5)
Potions
 c - 5 potions of curing
 d - a potion of haste
 i - a potion of heal wounds


   Skills:
 * Level 5.8 Armour
 + Level 6.8 Dodging
 - Level 3.7 Stealth
 + Level 11.1 Spellcasting
 * Level 5.8 Invocations
 + Level 2.1 Evocations


You had 13 spell levels left.
You knew the following spells:

 Your Spells              Type           Power      Damage    Failure   Level
a - Shock                 Conj/Air       100%       1d9       1%          1
b - Static Discharge      Conj/Air       55%        N/A       1%          2
c - Swiftness             Air            55%        N/A       1%          3
d - Airstrike             Air            27%        N/A       1%          4
e - Slow                  Hex            100%       N/A       1%          1
f - Ensorcelled Hibernat  Hex/Ice        100%       N/A       1%          2
g - Portal Projectile     Hex/Tloc       100%       N/A       1%          3
Your spell library was empty.

Dungeon Overview and Level Annotations

Branches:
Dungeon (1/1)

Altars:
Cheibriados
Dithmenos
Elyvilon
Fedhas
Gozag
Hepliaklqana
Kikubaaqudgha
Makhleb
Nemelex Xobeh
Okawaru
Qazlal
Ru
Sif Muna
Trog
Uskayaw
Vehumet
Wu Jian
Xom
Yredelemnul
Zin
The Shining One
Beogh
Jiyva
Lugonu


Innate Abilities, Weirdness & Mutations

You are immune to sickness and miasma.
You are immune to poison.
Your flesh is very heat resistant. (rF++)
You are vulnerable to cold. (rC-)
You float through the air rather than walking.
You learn spells naturally, not from books.
Your magical power is your life essence.
You have superior vitality. (+4 HP)


Message History

a +0 giant spiked club; a +0 giant club; a two-headed ogre corpse
There is an open door to the Dungeon here.
You reach down and close the door.
You start resting.
You flicker for a moment.
You start resting.
You flicker back into view.
You start resting.
A two-headed ogre opens the door.
It is wielding a +0 giant spiked club and a +0 giant club.
Okay, then.
Casting: Static Discharge (safe; 1% risk of failure)
Confirm with . or Enter, or press ? or * to list all spells.
Aiming: Slow (safe; 1% risk of failure)
Press: ? - help, Shift-Dir - straight line, f - two-headed ogre
Aim: a two-headed ogre, wielding a +0 giant spiked club and a +0 giant club (wandering, hasn't noticed you, chance to affect: 48%)
The two-headed ogre shouts in stereo!
The two-headed ogre resists with some effort.
Casting: Slow (safe; 1% risk of failure)
Confirm with . or Enter, or press ? or * to list all spells.
Aiming: Ensorcelled Hibernation (safe; 1% risk of failure)
Press: ? - help, Shift-Dir - straight line, f/p - two-headed ogre
Aim: a two-headed ogre, wielding a +0 giant spiked club and a +0 giant club (chance to affect: 55%)
The two-headed ogre resists with some effort.
The two-headed ogre hits you with a +0 giant spiked club!!
The two-headed ogre misses you.
Casting: Ensorcelled Hibernation (safe; 1% risk of failure)
Confirm with . or Enter, or press ? or * to list all spells.
Aiming: Ensorcelled Hibernation (safe; 1% risk of failure)
Press: ? - help, Shift-Dir - straight line, f/p - two-headed ogre
Aim: a two-headed ogre, wielding a +0 giant spiked club and a +0 giant club (chance to affect: 55%)
The two-headed ogre resists with some effort.
The two-headed ogre completely misses you.
The two-headed ogre closely misses you.
You aren't carrying any scrolls.
A red film seems to cover your vision as you go berserk!
You feel yourself moving faster!
You feel mighty!
You hit the two-headed ogre.
The two-headed ogre is poisoned.
The two-headed ogre is lightly wounded.
The two-headed ogre hits you with a +0 giant spiked club!!
You die...

▓)▓
▓÷▓
▓.▓
▓.▓
▓.▓
▓.▓
▓.▓
▓O▓
▓@▓
▓.▓
▓)▓
▓<▓
▓▓▓


You could see a two-headed ogre (very poisoned).

Vanquished Creatures
  A two-headed ogre (D)
  A troll (D)
  A wraith (D)
  An ogre (D)
  A phantom (D)
  An adder (D)
  An ufetubus (D)
  An orc (D)
  An endoplasm (D)
  A giant cockroach (D)
  A goblin (D)
  A hobgoblin (D)
  A ball python (D)
13 creatures vanquished.

Notes
Turn   | Place    | Note
-------+----------+-------------------------------------------
     0 | D        | emperorscorpion the Djinni Air Elementalist began the quest
                  | for the Orb.
     0 | D        | Reached XP level 1. HP: 15/15 MP: 0/0
     7 | D        | Reached skill level 3 in Spellcasting
     8 | D        | Reached XP level 2. HP: 11/21 MP: 0/0
   141 | D        | Noticed an ogre
   141 | D        | Noticed a phantom
   145 | D        | Reached skill level 4 in Spellcasting
   148 | D        | Reached XP level 3. HP: 8/25 MP: 0/0
   148 | D        | Learned a level 1 spell: Slow
   148 | D        | Killed an ogre
   149 | D        | Reached skill level 6 in Spellcasting
   149 | D        | Reached XP level 4. HP: 6/31 MP: 0/0
   149 | D        | Reached XP level 5. HP: 7/35 MP: 0/0
   149 | D        | Learned a level 2 spell: Ensorcelled Hibernation
   151 | D        | Killed a phantom
   152 | D        | Reached skill level 7 in Spellcasting
   159 | D        | Found a snail-covered altar of Cheibriados.
   159 | D        | Found a shadowy altar of Dithmenos.
   159 | D        | Found a white marble altar of Elyvilon.
   159 | D        | Found a blossoming altar of Fedhas.
   159 | D        | Found an opulent altar of Gozag.
   160 | D        | Found a hazy altar of Hepliaklqana.
   161 | D        | Found a viscous altar of Jiyva.
   163 | D        | Found a corrupted altar of Lugonu.
   164 | D        | Found a burning altar of Makhleb.
   165 | D        | Found a sparkling altar of Nemelex Xobeh.
   166 | D        | Found an iron altar of Okawaru.
   167 | D        | Found a stormy altar of Qazlal.
   168 | D        | Found a sacrificial altar of Ru.
   170 | D        | Found a bloodstained altar of Trog.
   171 | D        | Found a hide-covered altar of Uskayaw.
   172 | D        | Became a worshipper of Makhleb the Destroyer
   174 | D        | Found an ornate altar of the Wu Jian Council.
   175 | D        | Found a shimmering altar of Xom.
   176 | D        | Found a basalt altar of Yredelemnul.
   177 | D        | Found a glowing silver altar of Zin.
   178 | D        | Found a glowing golden altar of the Shining One.
   252 | D        | Noticed an orc warrior
   252 | D        | Noticed a two-headed ogre
   252 | D        | Noticed an orc warrior
   252 | D        | Noticed a troll
   252 | D        | Noticed a two-headed ogre
   252 | D        | Noticed a wraith
   283 | D        | Killed a wraith
   284 | D        | Reached skill level 5 in Dodging
   284 | D        | Reached skill level 8 in Spellcasting
   284 | D        | Reached XP level 6. HP: 8/40 MP: 0/0
   323 | D        | Killed a two-headed ogre
   324 | D        | Reached skill level 5 in Armour
   324 | D        | Reached skill level 10 in Spellcasting
   324 | D        | Reached skill level 5 in Invocations
   324 | D        | Reached skill level 1 in Evocations
   324 | D        | Reached XP level 7. HP: 37/45 MP: 0/0
   324 | D        | Learned a level 3 spell: Portal Projectile
   324 | D        | Reached XP level 8. HP: 42/50 MP: 0/0
   327 | D        | Killed a troll
   327 | D        | Reached * piety under Makhleb
   328 | D        | Reached skill level 11 in Spellcasting
   464 | D        | Slain by a two-headed ogre

Illustrated notes

Levels and vault maps discovered:
D:        linesprint [early_d, line_temple, items_1, d_10, items_2, lair_1,
          lair_end, items_3, orc_1, orc_end, items_4, d_15, swamp_1, shoals_1,
          snake_1, spider_1, d_20, vaults_1, items_5, swamp_end, shoals_end,
          snake_end, spider_end, vaults_end, d_27, items_6, zot_1, zot_end,
          crypt_end, forest_end, elf_end, slime_end, tomb_end, abyss_end,
          pan_hell_end]

Skill      XL: |  1  2  3  4  5  6  7  8 |
---------------+-------------------------+-----
Spellcasting   | 3 4 6 8 10 11 | 11.1
Stealth        | 2 3 |  3.7
Dodging        | 3 4 5 6 |  6.8
Armour         | 2 5 |  5.8
Invocations    | 2 5 |  5.8
Evocations     | 1 2 |  2.1

Action                   |  1- 3 |  4- 6 |  7- 9 || total
-------------------------+-------+-------+-------++-------
Melee: Dagger            |       |       |     1 ||     1
 Cast: Shock             |     9 |    11 |       ||    20
       Static Discharge  |     1 |     5 |     4 ||    10
       Swiftness         |       |     1 |       ||     1
       Ensorcelled Hiber |       |       |     2 ||     2
       Slow              |       |       |     1 ||     1
Evoke: Wand              |       |     5 |       ||     5
  Use: Potion            |       |     3 |     1 ||     4
       Scroll            |       |     2 |       ||     2
Armor: Robe              |     2 |       |     1 ||     3
Dodge: Dodged            |     2 |     6 |    10 ||    18

Table legend: (Time is in decaauts)
 A = Elapsed time spent in this place.
 B = Non-inter-level travel time spent in this place.
 C = Inter-level travel time spent in this place.
 D = Time resting spent in this place.
 E = Time spent auto-exploring this place.
 F = Levels seen in this place.
 G = Mean time per level.
                   A        B        C        D        E       F      G
               +--------+--------+--------+--------+--------+-----+--------+
         Total |    459 |    459 |      0 |    296 |      0 |   1 |  459.0 |
       Dungeon |    459 |    459 |      0 |    296 |      0 |   1 |  459.0 |
               +--------+--------+--------+--------+--------+-----+--------+

Top non-repeatable levels by time:
       D: 459 daAuts
